 Dungeon Crawl Stone Soup version 0.18.1-5-g4a78601 (webtiles) character file.

10378 mopl the Covert (level 11, -3/64 HPs)
             Began as a High Elf Enchanter on May 11, 2016.
             Was an Elder of Dithmenos.
             Slain by a spectral orc warrior
             ... wielding a cursed -1 battleaxe
             ... summoned by Nergalle
              (5 damage)
             ... on level 11 of the Dungeon.
             The game lasted 00:24:36 (9538 turns).

mopl the Covert (High Elf Enchanter)                Turns: 9538, Time: 00:24:36

Health: -3/64      AC:  5    Str:  7    XL:     11   Next: 35%
Magic:  18/18      EV: 13    Int: 20    God:    Dithmenos [****..]
Gold:   600        SH:  7    Dex: 19    Spells: 5 memorised, 6 levels left

rFire  . . .     SeeInvis .     a - +0 rapier (venom)
rCold  . . .     Gourm    .     b - +1 robe
rNeg   . . .     Faith    .     C - +2 buckler
rPois  +         Spirit   .     k - +0 helmet
rElec  .         Dismiss  .     u - +0 cloak
rCorr  .         Reflect  .     (no gloves)
SustAt .         Harm     .     (no boots)
MR     +....                    A - amulet of magic regeneration
Stlth  +++++++...               g - ring of poison resistance
                                S - ring of wizardry (curse)

@: wreathed by umbra, heavily drained, somewhat resistant to hostile
enchantments, extremely stealthy
A: no striking features
a: Shadow Step, Renounce Religion


You were on level 11 of the Dungeon.
You worshipped Dithmenos.
Dithmenos was greatly pleased with you.
You were not hungry.

You visited 2 branches of the dungeon, and saw 12 of its levels.

You collected 600 gold pieces.

Inventory:

Hand Weapons
 a - a +0 rapier of venom (weapon)
 U - a +1 dagger
Missiles
 m - 7 javelins
 v - 24 poisoned needles
 G - 3 tomahawks of dispersal (quivered)
 J - 6 curare-tipped needles
Armour
 b - a +1 robe (worn)
 k - a +0 helmet (worn)
 u - a +0 cloak (worn)
 C - a +2 buckler (worn)
Jewellery
 g - a ring of poison resistance (right hand)
 A - an amulet of magic regeneration (around neck)
 P - an uncursed ring of protection from cold
 S - a cursed ring of wizardry (left hand)
 T - an uncursed ring of magical power
Wands
 x - a wand of lightning (0/15)
 B - a wand of acid (3/15)
 V - a wand of disintegration (15/24)
Scrolls
 c - 2 scrolls of remove curse {unknown}
 f - a scroll of silence {unknown}
 h - a scroll of magic mapping {unknown}
 i - a scroll of identify {unknown}
Potions
 e - 2 potions of curing {unknown}
 l - 4 potions of heal wounds {unknown}
 p - 2 potions of lignification {unknown}
 r - 3 potions of haste {unknown}
 w - a potion of berserk rage {unknown}
 z - a potion of brilliance {unknown}
 D - a potion of resistance {unknown}
 I - a potion of cancellation {unknown}
 L - 2 potions of degeneration {unknown}
 M - 2 potions of ambrosia {unknown}
 O - a potion of mutation {unknown}
 R - a potion of cure mutation {unknown}
Comestibles
 d - 5 bread rations
 j - 5 chunks of flesh


   Skills:
 + Level 2.2(0.9) Fighting
 + Level 8.3(6.7) Short Blades
 + Level 3.5(2.2) Dodging
 * Level 12.1(10.4) Stealth
 - Level 4.0(2.6) Shields
 - Level 4.0(2.6) Spellcasting
 - Level 3.0(1.7) Conjurations
 * Level 10.8(9.2) Hexes
 - Level 3.0(1.6) Ice Magic
 + Level 2.5(1.2) Invocations


You had 6 spell levels left.
You knew the following spells:

 Your Spells              Type           Power        Failure   Level  Hunger
a - Corona                Hex            #####..      1%          1    None
b - Ensorcelled Hibernat  Hex/Ice        ###...       1%          2    ##.....
c - Confuse               Hex            #####...     1%          3    ###....
d - Tukima's Dance        Hex            #####...     1%          3    ###....
g - Dazzling Spray        Conj/Hex       ###.....     3%          3    ###....


Dungeon Overview and Level Annotations

Branches:
Dungeon (11/15)            Temple (0/1) D:7            Lair (1/8) D:9
    Orc: D:9-12

Altars:
Ashenzari
Dithmenos
Okawaru
Qazlal
Sif Muna
Xom
Zin
The Shining One

Shops:
D:7 (

Annotations:
D:11 Nergalle


Message History

The spectral orc warrior is moderately damaged.
The spectral orc warrior barely misses you. x2
You block the spectral orc warrior's attack.
You hit the spectral orc warrior.
The spectral orc warrior is heavily damaged.
Your shadow hits the spectral orc warrior but does no damage.
The spectral orc warrior barely misses you.
You hit the spectral orc warrior but do no damage.
The spectral orc warrior is heavily damaged.
The spectral orc warrior closely misses you.
The spectral orc warrior hits you with a battleaxe.
* * * LOW HITPOINT WARNING * * *
The spectral orc warrior hits you from afar with a glaive.
* * * LOW HITPOINT WARNING * * *
The spectral orc warrior closely misses you.
You hit the spectral orc warrior but do no damage.
The spectral orc warrior is heavily damaged.
You block the spectral orc warrior's attack.
The spectral orc warrior hits you with a battleaxe.
You die...

############################
...............Z@ZoZ........
............#####ZZ.........
##..........# #ZZ.........
#..........# #...........
#..........# #...........
#...<......# #...........
#..........# #...........
#..........# ............
#..........# ##...........


You could see Nergalle, 6 spectral orc warriors and a spectral orc knight.

Vanquished Creatures
  Urug (D:11)
  A hill giant (D:10)
  Pikel (D:8)
  A black mamba (Lair:1)
  A troll (D:9)
  Prince Ribbit (D:7)
  Sigmund (D:4)
  9 yaks
  A wyvern (D:11)
  Eustachio (D:4)
  A steam dragon (D:10)
  3 hippogriffs
  3 ice beasts
  A phantom (D:5)
  6 orc warriors
  2 sky beasts
  2 wasps
  A slave (D:8)
  4 ogres
  2 black bears
  2 necrophages
  2 wolves (D:9)
  8 centaurs
  A big kobold (D:8)
  A crocodile (D:11)
  7 giant frogs
  A wyvern zombie (D:9)
  A water moccasin zombie (D:8)
  3 scorpions
  15 killer bees
  5 wights (D:7)
  An electric eel (D:9)
  A giant frog zombie (D:5)
  4 howler monkeys
  2 centaur zombies
  4 crimson imps
  2 jellies
  An orc priest (D:10)
  9 hounds
  A centaur skeleton (D:8)
  3 giant frog skeletons
  Ijyb (D:2)
  Natasha (D:4)
  An iguana (D:9)
  10 orc wizards
  A worker ant (D:5)
  A killer bee zombie (D:6)
  2 hound zombies
  3 gnolls (D:7)
  4 adders
  2 shadow imps
  An ooze (D:2)
  An adder skeleton (D:7)
  An adder zombie (D:5)
  3 worms
  A dart slug (D:2)
  4 giant geckos
  15 orcs
  8 bats
  5 giant cockroaches
  8 goblins
  7 hobgoblins
  12 jackals
  3 quokkas
  A ball python (D:5)
  A giant gecko skeleton (D:4)
  A giant gecko zombie (D:9)
  6 giant newts
  4 kobolds
  18 rats
243 creatures vanquished.

Vanquished Creatures (collateral kills)
  A gnoll (D:7)
  An orc (D:7)
2 creatures vanquished.

Vanquished Creatures (others)
  2 dancing weapons (D:10)
2 creatures vanquished.

Grand Total: 247 creatures vanquished

Notes
Turn   | Place    | Note
--------------------------------------------------------------
     0 | D:1      | mopl the High Elf Enchanter began the quest for the Orb.
     0 | D:1      | Reached XP level 1. HP: 11/11 MP: 4/4
   472 | D:1      | Reached XP level 2. HP: 12/17 MP: 6/6
   476 | D:1      | Learned a level 2 spell: Ensorcelled Hibernation
   692 | D:1      | Reached skill level 2 in Short Blades
   944 | D:1      | Reached XP level 3. HP: 21/21 MP: 7/7
   949 | D:1      | Learned a level 3 spell: Confuse
  1103 | D:2      | Noticed Ijyb
  1114 | D:2      | Killed Ijyb
  1114 | D:2      | Reached skill level 4 in Stealth
  1200 | D:2      | Reached XP level 4. HP: 26/27 MP: 4/8
  1635 | D:2      | Reached skill level 1 in Ice Magic
  2542 | D:4      | Noticed an ogre
  2548 | D:4      | Killed an ogre
  2548 | D:4      | Reached skill level 3 in Short Blades
  2548 | D:4      | Reached skill level 4 in Hexes
  2548 | D:4      | Reached XP level 5. HP: 31/31 MP: 7/10
  2557 | D:4      | Learned a level 3 spell: Tukima's Dance
  2563 | D:4      | Reached skill level 3 in Spellcasting
  2573 | D:4      | Noticed Eustachio
  2589 | D:4      | Killed Eustachio
  2589 | D:4      | Reached skill level 5 in Stealth
  2589 | D:4      | Reached skill level 2 in Ice Magic
  2589 | D:4      | Reached XP level 6. HP: 31/36 MP: 4/11
  2662 | D:4      | Found a shimmering altar of Xom.
  2665 | D:4      | Found a stormy altar of Qazlal.
  2667 | D:4      | Found a shadowy altar of Dithmenos.
  2673 | D:4      | Became a worshipper of Dithmenos the Shadowed
  2706 | D:4      | Noticed Sigmund
  2711 | D:4      | Killed Sigmund
  2814 | D:4      | Noticed Natasha
  2821 | D:4      | Killed Natasha
  2821 | D:4      | Reached XP level 7. HP: 37/41 MP: 6/13
  3019 | D:5      | Entered Level 5 of the Dungeon
  3116 | D:5      | Reached skill level 6 in Stealth
  3136 | D:5      | Reached skill level 5 in Hexes
  3152 | D:5      | Learned a level 3 spell: Dazzling Spray
  3195 | D:5      | Reached skill level 4 in Short Blades
  3195 | D:5      | Reached skill level 4 in Spellcasting
  3422 | D:5      | Reached skill level 3 in Ice Magic
  3499 | D:5      | Reached skill level 1 in Shields
  3536 | D:5      | Reached XP level 8. HP: 41/46 MP: 8/15
  3568 | D:5      | Found an iron altar of Okawaru.
  3568 | D:5      | Found a glowing silver altar of Zin.
  3598 | D:5      | Reached skill level 7 in Stealth
  3616 | D:5      | Reached skill level 6 in Hexes
  3685 | D:5      | Reached skill level 2 in Shields
  3688 | D:5      | Reached * piety under Dithmenos
  3913 | D:6      | Found a shattered altar of Ashenzari.
  4119 | D:6      | Reached skill level 5 in Short Blades
  4126 | D:6      | Reached skill level 8 in Stealth
  4357 | D:6      | Reached skill level 7 in Hexes
  4411 | D:6      | Reached XP level 9. HP: 43/51 MP: 13/16
  4536 | D:7      | Noticed Prince Ribbit
  4542 | D:7      | Killed Prince Ribbit
  4542 | D:7      | Reached skill level 9 in Stealth
  4731 | D:7      | Reached ** piety under Dithmenos
  4740 | D:7      | Reached skill level 3 in Shields
  4792 | D:7      | Found a staircase to the Ecumenical Temple.
  4908 | D:7      | Reached skill level 6 in Short Blades
  4908 | D:7      | Reached skill level 8 in Hexes
  4920 | D:7      | Found Maotzu's Weapon Shop.
  5349 | D:8      | Found a deep blue altar of Sif Muna.
  5538 | D:8      | Reached skill level 10 in Stealth
  5784 | D:8      | Noticed Pikel
  5815 | D:8      | Killed Pikel
  5815 | D:8      | Reached XP level 10. HP: 52/56 MP: 12/17
  5913 | D:8      | You fall through a shaft for 2 floors!
  5913 | D:10     | Entered Level 10 of the Dungeon
  5916 | D:10     | Reached skill level 9 in Hexes
  5919 | D:10     | Reached skill level 4 in Shields
  6065 | D:10     | Reached skill level 1 in Conjurations
  6363 | D:9      | Reached skill level 7 in Short Blades
  6379 | D:9      | Reached *** piety under Dithmenos
  6628 | D:8      | Reached skill level 11 in Stealth
  6628 | D:8      | Reached skill level 2 in Conjurations
  6652 | D:8      | Found a deep blue altar of Sif Muna.
  6988 | D:9      | Found a staircase to the Lair.
  7221 | D:9      | Reached skill level 3 in Conjurations
  7221 | D:9      | Reached skill level 10 in Hexes
  7416 | D:9      | Reached skill level 1 in Fighting
  7418 | D:9      | Reached skill level 1 in Invocations
  7810 | Lair:1   | Entered Level 1 of the Lair of Beasts
  7810 | Lair:1   | Noticed a black mamba
  7816 | Lair:1   | Killed a black mamba
  7816 | Lair:1   | Reached XP level 11. HP: 61/63 MP: 18/18
  7995 | D:10     | Found a glowing golden altar of the Shining One.
  8028 | D:10     | Noticed a hill giant
  8029 | D:10     | Noticed a hill giant
  8088 | D:10     | Reached **** piety under Dithmenos
  8444 | D:10     | Killed a hill giant
  8444 | D:10     | Reached skill level 2 in Fighting
  8444 | D:10     | Reached skill level 3 in Dodging
  8640 | D:10     | Reached skill level 8 in Short Blades
  9088 | D:10     | Reached skill level 2 in Invocations
  9148 | D:11     | Noticed Nergalle
  9189 | D:11     | Noticed Urug
  9195 | D:11     | Killed Urug
  9195 | D:11     | Reached skill level 12 in Stealth
  9537 | D:11     | HP: 2/64 [spectral orc warrior/glaive[Nergalle] (2)]
  9538 | D:11     | Slain by a spectral orc warrior

Skill      XL: |  1  2  3  4  5  6  7  8  9 10 11 |
---------------+----------------------------------+-----
Short Blades   | 2 3 4 5 6 7 8 |  8.3
Stealth        | 4 5 6 8 10 11 12 | 12.1
Ice Magic      | 1 2 3 |  3.0
Hexes          | 4 5 7 8 10 | 10.8
Spellcasting   | 3 4 |  4.0
Shields        | 1 2 3 4 |  4.0
Conjurations   | 3 |  3.0
Fighting       | 1 2 |  2.2
Invocations    | 1 2 |  2.5
Dodging        | 3 |  3.5

Action                   |  1- 3 |  4- 6 |  7- 9 | 10-12 || total
-------------------------+-------+-------+-------+-------++-------
Melee: Dagger            |   113 |    70 |   210 |   115 ||   508
       Rapier            |       |       |       |   109 ||   109
 Cast: Corona            |     4 |       |     2 |     3 ||     9
       Ensorcelled Hiber |    16 |    17 |    63 |   113 ||   209
       Confuse           |       |     2 |    19 |    16 ||    37
       Tukima's Dance    |       |       |     2 |     4 ||     6
Evoke: Wand              |       |       |       |     3 ||     3
 Stab: Sleeping          |    23 |    20 |    55 |    71 ||   169
       Confused          |       |     2 |    14 |     8 ||    24
       Distracted        |       |       |     1 |     1 ||     2
  Eat: Chunk             |     2 |     6 |    13 |    11 ||    32
       Bread ration      |       |       |       |     1 ||     1
Armor: Robe              |    27 |    12 |    27 |    33 ||    99
Dodge: Dodged            |    78 |    32 |    73 |   173 ||   356
Block: Buckler           |       |       |    46 |    83 ||   129
